 Dungeon Crawl Stone Soup version 0.29.1-15-g9cfb28693d (webtiles) character file.

Game seed: 16391218786096905312

29444 McKennaii the Thaumaturge (level 12, -7/81 HPs)
             Began as a Demigod Earth Elementalist on Feb 28, 2023.
             Mangled by a hog (9 damage)
             ... led by Kirke
             ... on level 4 of the Lair of Beasts.
             The game lasted 00:23:29 (17903 turns).

McKennaii the Thaumaturge (DgEE)                   Turns: 17903, Time: 00:23:29

Health: -7/81      AC: 13    Str:  9    XL:     12   Next: 83%
Magic:  27/31      EV: 12    Int: 40    God:
Gold:   1068       SH:  0    Dex: 16    Spells: 15/33 levels left

rFire   + + .      SeeInvis .   F - +9 short sword of the Lair of Beasts {speed, *Corrode rPois rF+ Int+4}
rCold   . . .      Faith    .   (no shield)
rNeg    . . .      Spirit   .   s - +2 robe of Haehaz {rPois Dex+2}
rPois   +          Reflect  .   H - +2 hat {Int+3}
rElec   .          Harm     .   (no cloak)
rCorr   .          Rampage  .   B - +1 pair of gloves
Will    +....                   E - +0 pair of boots
Stlth   ++........              D - amulet of magic regeneration
HPRegen 0.23/turn               w - ring of protection from fire
MPRegen 0.62/turn               N - +4 ring of protection

@: brilliant, flying
A: high MP 1, forlorn, divine attributes
a: no special abilities


You were on level 4 of the Lair of Beasts.
You visited 2 branches of the dungeon, and saw 15 of its levels.
You also visited: Volcano.

You collected 1116 gold pieces.
You spent 48 gold pieces at shops.

Inventory:

Hand Weapons
 n - a +1 dagger of protection
 F - the +9 short sword of the Lair of Beasts (weapon) {speed, *Corrode rPois rF+ Int+4}
   (You found it on level 9 of the Dungeon)

   Attacks with this weapon are significantly faster.
   Int:       It affects your intelligence (+4).
   rF:        It protects you from fire.
   rPois:     It protects you from poison.
   *Corrode:  It may corrode you when you take damage.
Armour
 s - the +2 robe of Haehaz (worn) {rPois Dex+2}
   (You found it on level 4 of the Dungeon)

   Dex:       It affects your dexterity (+2).
   rPois:     It protects you from poison.
 B - a +1 pair of gloves (worn)
 E - a +0 pair of boots (worn)
 H - a +2 hat of intelligence (worn)
Jewellery
 w - a ring of protection from fire (left hand)
 D - an amulet of magic regeneration (around neck)
 N - a +4 ring of protection (right hand)
 S - a ring of fire
Wands
 t - a wand of polymorph (21)
 y - a wand of mindburst (13)
 G - a wand of digging (3)
 I - a wand of acid (8)
 J - a wand of flame (15)
 P - a wand of charming (12)
 Q - a wand of iceblast (5)
Scrolls
 a - 3 scrolls of brand weapon
 d - a scroll of magic mapping
 f - 2 scrolls of immolation {unknown}
 j - 2 scrolls of enchant weapon {unknown}
 m - 13 scrolls of identify
 p - 8 scrolls of teleportation
 q - 3 scrolls of blinking {unknown}
 v - a scroll of fog {unknown}
 x - a scroll of poison {unknown}
 A - a scroll of torment {unknown}
 C - a scroll of summoning
 K - a scroll of amnesia {unknown}
 L - 2 scrolls of fear {unknown}
 M - a scroll of vulnerability {unknown}
Potions
 b - 3 potions of magic
 c - 4 potions of brilliance
 e - 5 potions of attraction {unknown}
 g - 3 potions of heal wounds {unknown}
 h - 2 potions of ambrosia {unknown}
 i - 5 potions of mutation {unknown}
 k - a potion of resistance {unknown}
 l - 3 potions of cancellation {unknown}
 o - a potion of lignification {unknown}
 r - 4 potions of might {unknown}
 u - 5 potions of flight
 z - 5 potions of curing
 O - a potion of invisibility {unknown}
 R - a potion of haste {unknown}


   Skills:
 - Level 1.7 Dodging
 - Level 1.7 Stealth
 + Level 11.2 Spellcasting
 - Level 10.3 Conjurations
 - Level 0.8 Transmutations
 - Level 6.5 Ice Magic
 + Level 8.6 Air Magic
 - Level 8.9 Earth Magic


You had 15 spell levels left.
You knew the following spells:

 Your Spells              Type           Power      Damage    Failure   Level
a - Sandblast             Erth           100%       2d20      1%          1
b - Stone Arrow           Conj/Erth      100%       3d13      1%          3
c - Petrify               Tmut/Erth      75%        N/A       1%          4
d - Freezing Cloud        Conj/Ice/Air   47%        6-21      1%          5
e - Lightning Bolt        Conj/Air       49%        1d69      1%          5

Your spell library contained the following spells:

 Spells                   Type           Power      Damage    Failure   Level
 Passwall                 Tmut/Erth      62%        N/A       1%          2
 Poisonous Vapours        Pois/Air       100%       N/A       1%          2
 Static Discharge         Conj/Air       98%        3-16/arc  1%          2
 Mephitic Cloud           Conj/Pois/Air  83%        N/A       1%          3
 Sticky Flame             Conj/Fire      77%        2d9       1%          4
 Confusing Touch          Hex            33%        N/A       4%          3
 Ignite Poison            Fire/Tmut/Pois 37%        N/A       4%          3
 Corpse Rot               Necr/Pois/Air  62%        N/A       4%          4
 Dispel Undead            Necr           33%        3d14      16%         4
 Yara's Violent Unravell  Hex/Tmut       19%        3d9       36%         5
 Maxwell's Capacitive Co  Air            47%        ∞         96%         8
 Enfeeble                 Hex            16%        N/A       100%        7


Dungeon Overview and Level Annotations

Branches:
Dungeon (10/15)            Temple (0/1) D:5            Lair (5/5) D:8
 Shoals (0/4) Lair:2        Snake (0/4) Lair:3      Volcano (visited)
  Slime: Lair:4-5       Orc: D:9-12

Shops:
D:3 ?(   D:5 [

Annotations:
D:10 Fannar
Lair:4 Kirke


Innate Abilities, Weirdness & Mutations

You have an increased reservoir of magic. (+10% MP)
You shall have no god before yourself.
Your divine heritage dramatically boosts your attributes as you level up.


Message History

Something completely misses the plant.
The hog is engulfed in freezing vapours.
The hog bites you. The hog misses you. The hog bites you!
Kirke is engulfed in freezing vapours.
Unknown command.
You are engulfed in freezing vapours.
* * * LOW HITPOINT WARNING * * *
Something completely misses the plant.
The hog is engulfed in freezing vapours.
The hog bites you.
* * * LOW HITPOINT WARNING * * *
The hog barely misses you.
The wyvern hisses menacingly.
The hornet stings the plant!
The plant begins to die.
Kirke is engulfed in freezing vapours.
Kirke hits you.
* * * LOW HITPOINT WARNING * * *
You climb upwards.
There is a stone staircase leading down here.
Unknown command.
Okay, then.
Okay, then.
Okay, then.
Okay, then.
Okay, then.
Okay, then.
Okay, then.
Unknown command.
Okay, then.
It was a potion of flight.
You feel very buoyant.
You fly up into the air.
The hog closely misses you. The hog bites you.
* * * LOW HITPOINT WARNING * * *
The hog bites you but does no damage. Kirke hits you!
* * * LOW HITPOINT WARNING * * *
It was a potion of brilliance.
You feel clever all of a sudden. The hog bites you but does no damage.
The hog misses you. The hog bites you but does no damage.
The hog barely misses you. The hog bites you!
You die...

..#####....<.......#.####P#.###P#
.................................
...#####.........................
.###...###......P.#.#..#...##.P.#
##.......###...##.##....#########
#...###....##..######..##
#..##.##....#...#####..### ### #
#..#...##...#..hh#..#....###.####
##.#....#...'.<.@@...............
.#......#...'..h.................
.#.....##...'.....#...#.#..#....†
##.....#....#.#..####.###...##P..
#.....##....#....##..## #..####..
#...###....##....###..###..###...
##........##.....................
.#......###......................
.##.#####......####..###..##...#.


You could see Kirke and 3 hogs.

Vanquished Creatures
  Gastronok (Lair:2)
  Josephine (Lair:4)
  3 hydras
  The ghost of Laummuim the Gouger, a journeyman FeFi of Fedhas (Lair:4)
  Pikel (D:8)
  2 lindwurms (Volcano)
  A toenail golem (Volcano)
  Joseph (D:8)
  A black mamba (Lair:3)
  6 cane toads
  4 molten gargoyles (Volcano)
  Maggie (D:8)
  4 rime drakes
  8 komodo dragons
  2 kobold demonologists (D:9)
  3 efreet (Volcano)
  A polar bear (Lair:4)
  7 blink frogs
  5 dream sheep (Lair:4)
  Sigmund (D:4)
  4 wraiths (Lair:4)
  6 wyverns
  Eustachio (D:6)
  4 fire elementals (Volcano)
  A hog (Lair:5)
  3 basilisks
  37 yaks
  A steam dragon (D:6)
  A catoblepas simulacrum (Lair:4)
  4 nagas (Lair:3)
  A hydra simulacrum (Lair:4)
  5 water moccasins
  A swamp drake (D:8)
  A black bear (Lair:1)
  An orc warrior (D:7)
  An ice beast (D:6)
  A sky beast (D:8)
  2 black mamba simulacra (Lair:4)
  An ogre (D:4)
  7 centaurs
  A wolf (Lair:2)
  4 lemures (D:7)
  4 kobold brigands
  An earth elemental (Volcano)
  12 bullfrogs
  2 scorpions
  9 killer bees
  An elephant simulacrum (Lair:4)
  4 orc priests
  A gnoll bouda (D:8)
  4 hounds
  9 iguanas
  4 hell rats (Lair:3)
  11 adders
  4 gnolls (D:8)
  A white imp (D:5)
  An ufetubus (D:6)
  12 worms
  3 dart slugs
  19 orcs
  4 ball pythons
  8 bats
  7 endoplasms
  2 giant cockroaches (D:1)
  4 goblins
  6 hobgoblins
  4 jackals
  A quokka (D:3)
  3 frilled lizards
  27 kobolds
  4 rats
  3 fire vortices (Volcano)
317 creatures vanquished.

Vanquished Creatures (others)
  11 fungi
  43 plants
54 creatures vanquished.

Grand Total: 371 creatures vanquished

Notes
Turn   | Place    | Note
-------+----------+-------------------------------------------
     0 | D:1      | McKennaii the Demigod Earth Elementalist began the quest
                  | for the Orb.
     0 | D:1      | Reached XP level 1. HP: 14/14 MP: 5/5
   196 | D:1      | Reached skill level 2 in Spellcasting
   450 | D:1      | Reached XP level 2. HP: 20/20 MP: 5/7
  1077 | D:1      | Reached XP level 3. HP: 12/26 MP: 2/9
  1901 | D:3      | Learned a level 3 spell: Stone Arrow
  2201 | D:3      | Reached skill level 3 in Spellcasting
  2201 | D:3      | Reached XP level 4. HP: 32/33 MP: 7/11
  2394 | D:3      | Found Homaer's Magic Scroll Boutique.
  2408 | D:3      | Bought a scroll of teleportation for 36 gold pieces
  2408 | D:3      | Bought a scroll of noise for 12 gold pieces
  2810 | D:3      | Found Raet's Weapon Emporium.
  2949 | D:4      | Noticed Sigmund
  3486 | D:4      | Noticed an ogre
  3497 | D:4      | Killed an ogre
  3498 | D:4      | Reached skill level 1 in Conjurations
  3498 | D:4      | Reached XP level 5. HP: 31/38 MP: 3/13
  3808 | D:4      | Identified the +2 robe of Haehaz {rPois Dex+2}
  3823 | D:4      | Killed Sigmund
  3824 | D:4      | Reached skill level 4 in Spellcasting
  3824 | D:4      | Reached XP level 6. HP: 38/45 MP: 5/15
  4394 | D:5      | Entered Level 5 of the Dungeon
  4405 | D:5      | Reached skill level 5 in Earth Magic
  4724 | D:5      | Found Ciqalan's Antique Armour Boutique.
  4776 | D:5      | Reached XP level 7. HP: 42/50 MP: 10/16
  4828 | D:5      | Found a staircase to the Ecumenical Temple.
  5969 | D:6      | Reached skill level 5 in Spellcasting
  6193 | D:6      | Noticed a steam dragon
  6218 | D:6      | Killed a steam dragon
  6219 | D:6      | Reached XP level 8. HP: 16/57 MP: 3/19
  6513 | D:6      | Noticed Eustachio
  6518 | D:6      | Killed Eustachio
  6944 | D:7      | Reached skill level 5 in Conjurations
  7646 | D:7      | Reached skill level 6 in Spellcasting
  8009 | D:8      | Noticed Joseph
  8213 | D:8      | Noticed Pikel
  8490 | D:8      | Killed Pikel
  8491 | D:8      | Reached XP level 9. HP: 47/62 MP: 11/22
  8868 | D:8      | HP: 3/62 [Joseph/sling bullet (5)]
  8869 | D:8      | Killed Joseph
  8870 | D:8      | Reached skill level 7 in Spellcasting
  9165 | D:8      | Noticed Maggie
  9172 | D:8      | Killed Maggie
  9619 | D:8      | Noticed a komodo dragon
  9622 | D:8      | Killed a komodo dragon
  9734 | D:8      | Reached XP level 10. HP: 69/69 MP: 9/25
 10097 | D:8      | Found a staircase to the Lair.
 10320 | D:9      | Learned a level 5 spell: Freezing Cloud
 10325 | D:9      | Learned a level 4 spell: Petrify
 10374 | D:9      | Identified the +9 short sword of the Lair of Beasts {speed,
                  | *Corrode rPois rF+ Int+4}
 10505 | D:9      | Reached skill level 8 in Spellcasting
 10718 | D:9      | Reached skill level 1 in Ice Magic
 10718 | D:9      | Reached skill level 1 in Air Magic
 11130 | D:10     | Entered Level 10 of the Dungeon
 11363 | D:10     | Noticed Fannar
 11505 | Lair:1   | Entered Level 1 of the Lair of Beasts
 12372 | Lair:1   | Reached XP level 11. HP: 73/74 MP: 26/28
 12984 | Lair:2   | Reached skill level 9 in Spellcasting
 13111 | Lair:2   | Found a staircase to the Shoals.
 13111 | Lair:2   | Noticed a four-headed hydra
 13130 | Lair:2   | Killed a four-headed hydra
 13131 | Lair:2   | Reached skill level 5 in Ice Magic
 13131 | Lair:2   | Reached skill level 5 in Air Magic
 13734 | Lair:2   | Noticed Gastronok
 13748 | Lair:2   | Killed Gastronok
 13941 | Lair:2   | Identified the +3 short sword "Bobus" {vamp, rC+ rN++}
 14397 | Lair:3   | Found a dark tunnel.
 14405 | Volcano  | Entered a volcano
 14653 | Volcano  | Noticed a lindwurm
 14653 | Volcano  | Noticed a lindwurm
 14656 | Volcano  | Reached skill level 10 in Conjurations
 14656 | Volcano  | Reached XP level 12. HP: 81/81 MP: 22/30
 15009 | Volcano  | Reached skill level 10 in Spellcasting
 15427 | Lair:3   | Learned a level 5 spell: Lightning Bolt
 15465 | Lair:3   | Found a staircase to the Snake Pit.
 15768 | Lair:3   | Noticed a seven-headed hydra
 15773 | Lair:3   | Killed a seven-headed hydra
 16151 | Lair:4   | Noticed Laummuim's ghost (journeyman FeFi)
 16162 | Lair:4   | You fall into a shaft and drop 1 floor!
 16162 | Lair:5   | Entered Level 5 of the Lair of Beasts
 16459 | Lair:4   | Found a runed translucent gate.
 16492 | Lair:4   | Found a runed translucent gate.
 16626 | Lair:4   | Found a runed translucent gate.
 17093 | Lair:4   | Noticed a six-headed hydra
 17095 | Lair:4   | Noticed Josephine
 17099 | Lair:4   | Killed a six-headed hydra
 17103 | Lair:4   | Killed Josephine
 17104 | Lair:4   | Reached skill level 11 in Spellcasting
 17717 | Lair:4   | Killed Laummuim's ghost
 17897 | Lair:5   | Noticed Kirke
 17902 | Lair:4   | HP: 2/81 [Kirke (10)]
 17903 | Lair:4   | Mangled by a hog

Illustrated notes

Levels and vault maps discovered:
D:1:      nicolae_arrival_memento_mori, layout_basic,
          chequers_ecumenical_altar_twisty
D:2:      layout_rooms
D:3:      layout_rooms, mainiacjoe_overflow_cross_hatched,
          amcnicky_altar_gilded, serial_shops, nicolae_shop_hallway_plus,
          nicolae_shop_bloodbath_and_beyond, minmay_misc_feat_iff
D:4:      layout_basic, mainiacjoe_overflow_chevrons, kiku_gazebo_garden_becter,
          hex_intersection, eino_tiny_chamber, st_stairs_4,
          ebering_dispersal_statue_hall, nicolae_wormholes, uniq_sigmund
D:5:      layout_basic, nicolae_ashenzari_skybound, minmay_temple_entry_slanted,
          serial_shops, nicolae_shop_hallway_stairs
D:6:      layout_loops_ring, kennysheep_mini, grunt_ministairs_8, uniq_eustachio
D:7:      layout_layer_cave
D:8:      layout_cave_pools, nicolae_uskayaw_dance_hall, erik_lair_dragon,
          uniq_maggie, uniq_pikel, uniq_joseph
D:9:      layout_gridville, pf_just_have_faith, overflow_temple_1_default,
          skrybe_limestone_x
D:10:     layout_cross, nemelex_diamond_rough_becter,
          pdpol_wu_jian_five_deadly_venoms, general_overflow_altar, erik_orc_1,
          uniq_grum, uniq_amaemon, uniq_fannar
Lair:1:   layout_gridlike
Lair:2:   layout_loops_ring, minmay_shoals_entry_centaurs, st_stairs_7,
          chequers_serial_rivers_micro_a, beast_lair_carwin_7,
          infiniplex_staircase_pool_2, uniq_gastronok
Lair:3:   layout_roguey, minmay_snake_entry_guardpost_small,
          nicolae_volcano_entry_lava_flow
Lair:4:   layout_small_grid, gammafunk_ghost_icy, grunt_megastairs_3,
          uniq_josephine
Lair:5:   hangedman_lair_tendril_chambers, layout_cave_pods, slime_entry_1,
          ebering_ghost_xom, uniq_kirke

Skill      XL: |  1  2  3  4  5  6  7  8  9 10 11 12 |
---------------+-------------------------------------+-----
Spellcasting   | 2 3 4 5 6 7 8 9 11 | 11.2
Earth Magic    | 3 4 5 6 7 8 |  8.9
Conjurations   | 1 2 3 4 6 7 8 10 | 10.3
Ice Magic      | 3 6 |  6.5
Air Magic      | 3 6 8 |  8.6
Dodging        | |  1.7
Stealth        | |  1.7
Transmutations | |  0.8

Action                   |  1- 3 |  4- 6 |  7- 9 | 10-12 || total
-------------------------+-------+-------+-------+-------++-------
Melee: Unarmed           |    10 |       |    10 |       ||    20
       Dagger            |       |     1 |     2 |       ||     3
       Short sword       |       |       |       |    24 ||    24
 Cast: Sandblast         |    67 |    81 |   122 |    77 ||   347
       Stone Arrow       |       |     4 |    59 |   242 ||   305
       Freezing Cloud    |       |       |       |    25 ||    25
       Petrify           |       |       |       |     2 ||     2
  Use: Potion            |       |       |     1 |     2 ||     3
       Scroll            |       |       |       |     4 ||     4
Armor: Robe              |     9 |     1 |    14 |    51 ||    75
       Skin              |       |       |     4 |       ||     4
Dodge: Dodged            |    24 |    17 |   114 |    95 ||   250
